 Dungeon Crawl Stone Soup version 0.28-a0-1447-ga5a8893891 (webtiles) character file.

Game seed: 6298942121167813779

240 ytrimaz the Insei (level 6, -1/39 HPs)
             Began as an Octopode Transmuter on Jan 10, 2022.
             Slain by an orc (6 damage)
             ... on level 4 of the Dungeon.
             The game lasted 00:03:15 (4354 turns).

ytrimaz the Insei (Octopode Transmuter)             Turns: 4354, Time: 00:03:15

Health: -1/39      AC:  2    Str:  9    XL:     6   Next: 8%
Magic:  5/10       EV: 20    Int: 17    God:
Gold:   222        SH:  0    Dex: 18    Spells: 5/11 levels left

rFire   . . .      SeeInvis .     - Unarmed
rCold   . . .      Faith    .   (shield currently unavailable)
rNeg    . . .      Spirit   .   (helmet currently unavailable)
rPois   x          Reflect  .   (no amulet)
rElec   .          Harm     .   (no ring)
rCorr   .          Rampage  .   (no ring)
Will    .....                   (no ring)
Stlth   ++........              (no ring)
HPRegen 0.13/turn               (no ring)
MPRegen 0.12/turn               (no ring)
                                (no ring)
                                (no ring)

@: spider-form (expiring)
A: venomous fangs, almost no armour, (amphibious), 8 rings, tiny, (camouflage
1), (gelatinous body 1), (nimble swimmer 1), (tentacles)
a: End Transformation


You were on level 4 of the Dungeon.
You were a venomous arachnid creature.
You visited 1 branch of the dungeon, and saw 4 of its levels.

You collected 222 gold pieces.

Inventory:

Wands
 b - a wand of flame (19)
Scrolls
 e - 2 scrolls of torment
 g - a scroll of noise
 h - 2 scrolls of silence {unknown}
 j - a scroll of summoning {unknown}
Potions
 a - 2 potions of might
 c - a potion of attraction {unknown}
 d - 2 potions of lignification {unknown}
 f - a potion of brilliance {unknown}
 i - a potion of haste {unknown}
 k - a potion of curing


   Skills:
 * Level 2.2 Fighting
 * Level 2.9 Dodging
 + Level 4.2 Unarmed Combat
 * Level 3.3 Spellcasting
 * Level 3.1 Transmutations


You had 5 spell levels left.
You knew the following spells:

 Your Spells              Type           Power      Damage    Failure   Level
a - Beastly Appendage     Tmut           26%        N/A       14%         1
b - Wereblood             Tmut           13%        N/A       19%         2
c - Spider Form           Tmut/Pois      8%         N/A       47%         3

Your spell library contained the following spells:

 Spells                   Type           Power      Damage    Failure   Level
 Passwall                 Tmut/Erth      6%         N/A       32%         2
 Ensorcelled Hibernation  Hex/Ice        4%         N/A       47%         2
 Gell's Gravitas          Tloc           2%         N/A       67%         3
 Lesser Beckoning         Tloc           2%         N/A       67%         3
 Swiftness                Air            2%         N/A       67%         3
 Teleport Other           Tloc           2%         N/A       67%         3
 Tukima's Dance           Hex            2%         N/A       67%         3
 Ice Form                 Ice/Tmut       8%         N/A       83%         4
 Blade Hands              Tmut           6%         N/A       90%         5
 Anguish                  Hex/Necr       1%         N/A       95%         4
 Iron Shot                Conj/Erth      1%         9d1       100%        6
 Enfeeble                 Hex            1%         N/A       100%        7
 Animate Armour           Summ/Erth      Unusable   N/A       N/A         4

Dungeon Overview and Level Annotations

Branches:
Dungeon (4/15)
 Temple: D:4-7

Altars:
Makhleb
Qazlal
Uskayaw
Vehumet

Shops:
D:1 [

Annotations:
D:3 1 runed translucent door, Crazy Yiuf


Innate Abilities, Weirdness & Mutations

You are a venomous arachnid creature.
You have poisonous fangs.
You are tiny and dextrous.
Your spellcasting is less reliable in this form.
Your armour is entirely melded.
You are incapable of wielding weapons or throwing items.
You cannot wear most types of armour.
((You are amphibious.))
You can wear up to eight rings at the same time.
((Your skin changes colour to match your surroundings (Stealth+).))
((Your rubbery body absorbs attacks. (AC +1, EV +1)))
((You are camouflaged when in or above water. (Stealth+)))
((You have tentacles for arms and can constrict up to eight enemies at once.))


Message History

The orc wizard flickers and vanishes!
Deactivating autopickup; reactivate with Ctrl-A.
You closely miss the orc. Your grab misses the orc.
The orc is moderately wounded.
The orc hits you with a +0 flail.
An orc comes into view. It is wielding a +0 short sword.
You barely miss the orc. You grab the orc.
The orc is moderately wounded.
You constrict the orc, but do no damage.
The orc hits you with a +0 flail!
You tentacle-slap the orc.
The orc is severely wounded.
You constrict the orc, but do no damage.
The orc hits you with a +0 flail.
You are too injured to fight recklessly!
You tentacle-slap the orc.
You kill the orc!
Casting: Spider Form (quite dangerous; 26% risk of failure)
Confirm with . or Enter, or press ? or * to list all spells.
The spell is quite dangerous to miscast (26% risk of failure)!
Continue anyway?
You turn into a venomous arachnid creature.
Your transformation is almost over.
Something barely misses you.
Unknown command.
You hit something. Something closely misses you.
You closely miss something.
You hear some strange, mumbled words.
A puff of flame appears from out of thin air!
The puff of flame hits you!
* * * LOW HITPOINT WARNING * * *
You closely miss something.
Your magical contamination has completely faded away.
You hit the orc but do no damage.
The orc is poisoned.
Something closely misses you. The orc completely misses you.
You hit the orc.
You kill the orc!
Something hits you.
* * * LOW HITPOINT WARNING * * *
The orc hits you with a +0 hand axe.
You die...

#...............
#...............
#...............
##..............
##.............
####.#....#......
##......#.......##
#...#.....##......
##s##..####....###.
#.o##.####..รท...)..
#..........<..)..##..
#...#...#####..#..###..
#......####....#........
#....#.# ..........####.
.............#####..#####
.._.. _....## #.....#....
.... .... ##.#.....###


You could see an orc.

Vanquished Creatures
  A black bear (D:4)
  3 adders
  An adder skeleton (D:4)
  A worm (D:2)
  A dart slug (D:3)
  3 orcs
  9 endoplasms
  19 giant cockroaches
  8 goblins
  12 hobgoblins
  8 jackals
  10 kobolds
  2 quokkas (D:3)
  4 ball pythons
  3 bats
  4 frilled lizards
  8 rats
97 creatures vanquished.

Notes
Turn   | Place    | Note
-------+----------+-------------------------------------------
     0 | D:1      | ytrimaz the Octopode Transmuter began the quest for the
                  | Orb.
     0 | D:1      | Reached XP level 1. HP: 13/13 MP: 3/3
   108 | D:1      | Reached XP level 2. HP: 5/18 MP: 5/5
   715 | D:1      | Found Gunwoody's Armour Shop.
  1016 | D:1      | Reached XP level 3. HP: 18/23 MP: 4/6
  1028 | D:1      | Learned a level 2 spell: Wereblood
  1032 | D:1      | Learned a level 3 spell: Spider Form
  1380 | D:2      | Found a faded altar of an unknown god.
  2053 | D:2      | Reached XP level 4. HP: 27/28 MP: 3/7
  2655 | D:3      | Found a runed translucent door.
  2656 | D:3      | Noticed Crazy Yiuf
  3295 | D:4      | Found a radiant altar of Vehumet.
  3593 | D:4      | Noticed a black bear
  3596 | D:4      | Reached XP level 5. HP: 34/34 MP: 9/9
  3963 | D:4      | Killed a black bear
  3964 | D:4      | Reached skill level 4 in Unarmed Combat
  3964 | D:4      | Reached XP level 6. HP: 31/39 MP: 7/10
  4169 | D:4      | Found a burning altar of Makhleb.
  4337 | D:4      | Found a stormy altar of Qazlal.
  4337 | D:4      | Found a hide-covered altar of Uskayaw.
  4354 | D:4      | Slain by an orc

Illustrated notes

Levels and vault maps discovered:
D:1:      mrwooster_arrival_arrow, layout_loops_ring, serial_shops,
          nicolae_shop_statue_plus, kennysheep_decorative_pillar
D:2:      minmay_roachtagon, layout_loops_ring,
          hellmonk_ecumenical_altar_zigzags
D:3:      layout_rooms, uniq_crazy_yiuf_cottage
D:4:      layout_rooms, lemuel_doored_altar, grunt_temple_overflow_open,
          vehumet_altar_wand_db

Skill      XL: |  1  2  3  4  5 |
---------------+----------------+-----
Spellcasting   | 3 |  3.3
Fighting       | 2 |  2.2
Unarmed Combat | 4 |  4.2
Transmutations | 3 |  3.1
Dodging        | |  2.9

Action                   |  1- 3 |  4- 6 || total
-------------------------+-------+-------++-------
Melee: Unarmed           |    83 |   129 ||   212
       Constrict         |    23 |    26 ||    49
       Tentacles         |    21 |    15 ||    36
       Kick              |    14 |    15 ||    29
       Punch             |     3 |     2 ||     5
 Cast: Beastly Appendage |    18 |     8 ||    26
       Wereblood         |     1 |     1 ||     2
       Spider Form       |       |     2 ||     2
  Use: Scroll            |     2 |     4 ||     6
       Potion            |       |     2 ||     2
 Stab: Sleeping          |     8 |     1 ||     9
Armor: Skin              |     6 |    18 ||    24
Dodge: Dodged            |    58 |   102 ||   160

Table legend: (Time is in decaauts)
 A = Elapsed time spent in this place.
 B = Non-inter-level travel time spent in this place.
 C = Inter-level travel time spent in this place.
 D = Time resting spent in this place.
 E = Time spent auto-exploring this place.
 F = Levels seen in this place.
 G = Mean time per level.
                   A        B        C        D        E       F      G
               +--------+--------+--------+--------+--------+-----+--------+
         Total |   4343 |   4275 |     68 |    669 |   2956 |   4 | 1085.8 |
       Dungeon |   4343 |   4275 |     68 |    669 |   2956 |   4 | 1085.8 |
               +--------+--------+--------+--------+--------+-----+--------+

Top non-repeatable levels by time:
     D:3: 1397 daAuts
     D:1: 1273 daAuts
     D:2: 1196 daAuts
     D:4: 475 daAuts
